 Dungeon Crawl Stone Soup version 0.30-a0-883-g5ad918d77d (webtiles) character file.

Game seed: 9123723341294950323

5573 Rocko1345 the Nimble (level 10, -1/84 HPs)
             Began as a Gnoll Monk on Mar 16, 2023.
             Was a Follower of Ashenzari.
             Slain by a yak (12 damage)
             ... on level 9 of the Dungeon.
             The game lasted 00:28:33 (9129 turns).

Rocko1345 the Nimble (Gnoll Monk)                   Turns: 9129, Time: 00:28:33

Health: -1/84      AC: 13    Str: 12    XL:     10   Next: 72%
Magic:  19/19      EV: 15    Int: 12    God:    Ashenzari [*.....]
Gold:   250        SH:  0    Dex: 15    Spells: 7/22 levels left

rFire   . . .      SeeInvis .    l - +5 dire flail (spect)
rCold   . . .      Faith    .    (shield currently unavailable)
rNeg    . . .      Spirit   .    z - +0 acid dragon scales
rPois   .          Reflect  .    h - +0 helmet of the Eternal Fetters {Range, Self} (curse)
rElec   .          Rampage  .    F - +2 cloak
rCorr   +                        (no gloves)
Will    .....                    f - +0 pair of boots of Star-Bound Wisdom {Elem, Evo} (curse)
Stlth   +++                      b - amulet of magic regeneration
HPRegen 0.34/turn                (no ring)
MPRegen 0.56/turn                (no ring)

@: no status effects
A: fangs 1, strong nose, distributed training
a: Renounce Religion, Curse Item, Shatter the Chains


You were on level 9 of the Dungeon.
You worshipped Ashenzari.
Ashenzari was aware of your devotion.
You visited 2 branches of the dungeon, and saw 10 of its levels.

You collected 250 gold pieces.

Inventory:

Hand Weapons
 a - a +0 hand axe
 d - a +3 trident
 j - a +0 flail
 l - a +5 spectral dire flail (weapon)
 s - a +1 dagger of venom
 t - a +0 shortbow
 A - a +3 flail of protection
 E - a +4 quarterstaff of chaos
Missiles
 m - 10 poisoned darts
 q - 6 boomerangs
Armour
 f - the cursed +0 pair of boots of Star-Bound Wisdom (worn) {Elem, Evo}
   (You found it on level 1 of the Dungeon)

   It has a curse which improves the following skills: Elements: Fire Magic, Ice
   Magic, Air Magic and Earth Magic.
   Evocations: Evocations.
 h - the cursed +0 helmet of the Eternal Fetters (worn) {Range, Self}
   (You found it on level 1 of the Dungeon)

   It has a curse which improves the following skills: Ranged Combat: Ranged
   Weapons and Throwing.
   Introspection: Fighting and Spellcasting.
 n - an orb of wrath
 x - a +0 leather armour of positive energy
 z - +0 acid dragon scales (worn)
 F - a +2 cloak (worn)
Jewellery
 b - an amulet of magic regeneration (around neck)
Wands
 w - a wand of iceblast (3)
 y - a wand of charming (19)
 D - a wand of flame (41)
Scrolls
 e - 3 scrolls of amnesia
 g - 3 scrolls of magic mapping
 i - 5 scrolls of teleportation
 k - 2 scrolls of fog
 o - 2 scrolls of fear
 r - a scroll of enchant armour
 u - 2 scrolls of torment
 H - 2 scrolls of blinking
Potions
 c - a potion of ambrosia
 p - 3 potions of flight
 v - a potion of berserk rage
 B - a potion of heal wounds
 C - a potion of cancellation
 G - a potion of curing
 I - 2 potions of resistance
 J - 2 potions of haste
 K - a potion of might


   Skills:
 + Level 8.8(9.7) Fighting
 + Level 5.7 Short Blades
 + Level 5.7 Long Blades
 + Level 8.8 Axes
 + Level 5.7 Maces & Flails
 + Level 5.7 Polearms
 + Level 5.7 Staves
 + Level 5.7(6.6) Ranged Weapons
 + Level 5.7(6.6) Throwing
 + Level 5.7 Armour
 + Level 8.8 Dodging
 + Level 7.2 Stealth
 + Level 5.7 Shields
 + Level 5.7 Unarmed Combat
 + Level 5.7(6.6) Spellcasting
 + Level 4.7 Conjurations
 + Level 4.7 Hexes
 + Level 4.7 Summonings
 + Level 4.7 Necromancy
 + Level 4.7 Translocations
 + Level 4.7 Transmutations
 + Level 4.7(5.5) Fire Magic
 + Level 4.7(5.5) Ice Magic
 + Level 4.7(5.5) Air Magic
 + Level 4.7(5.5) Earth Magic
 + Level 4.7 Poison Magic
 + Level 6.3 Invocations
 + Level 5.7(6.6) Evocations


You had 7 spell levels left.
You knew the following spells:

 Your Spells              Type           Power      Damage    Failure   Level
a - Passwall              Tmut/Erth      13%        N/A       4%          2
b - Call Canine Familiar  Summ           15%        N/A       11%         3
c - Sandblast             Erth           34%        2d9       2%          1
d - Summon Guardian Gole  Hex/Summ       15%        N/A       11%         3
e - Hailstorm             Conj/Ice       16%        3d6       9%          3
f - Stone Arrow           Conj/Erth      32%        3d9       9%          3

Your spell library contained the following spells:

 Spells                   Type           Power      Damage    Failure   Level
 Apportation              Tloc           30%        N/A       3%          1
 Summon Small Mammal      Summ           60%        N/A       3%          1
 Kindle Blastsparks       Fire/Tloc/Air  32%        2d12      9%          3
 Ignite Poison            Fire/Tmut/Pois 16%        N/A       10%         3
 Ice Form                 Ice/Tmut       16%        N/A       30%         4
 Freezing Cloud           Conj/Ice/Air   8%         6-21      61%         5
 Alistair's Intoxication  Tmut/Pois      10%        N/A       67%         5
 Simulacrum               Ice/Necr       8%         N/A       99%         6


Dungeon Overview and Level Annotations

Branches:
Dungeon (9/15)             Temple (1/1) D:5
   Lair: D:8-11         Orc: D:9-12

Altars:
Ashenzari
Cheibriados
Dithmenos
Elyvilon
Fedhas
Gozag
Hepliaklqana
Kikubaaqudgha
Makhleb
Nemelex Xobeh
Okawaru
Qazlal
Ru
Sif Muna
Trog
Uskayaw
Vehumet
Wu Jian
Xom
Yredelemnul
Zin
The Shining One

Shops:
D:2 [


Innate Abilities, Weirdness & Mutations

You have very sharp teeth.
Your uncanny sense of smell can sniff out nearby items.
Your experience applies equally to all skills.


Message History

A yak comes into view.
The yak gores you. The yak barely misses you. The yak gores you!
You sock the yak!
You kill the yak!
The yak gores you but does no damage.
You hit the yak.
The yak is lightly wounded.
Your +5 spectral dire flail barely misses the yak.
The yak closely misses you. x2
You puncture the yak!
The yak is moderately wounded.
Your +5 spectral dire flail hits the yak.
The yak barely misses you. The yak gores you.
You hit the yak.
The yak is heavily wounded.
Your +5 spectral dire flail barely misses the yak.
The yak gores you. The yak gores you! The yak misses you.
The yak attacks as you move away! The yak gores you but does no damage.
The yak gores you. The yak attacks as you move away!
The yak closely misses you. The yak attacks as you move away!
The yak closely misses you. The yak attacks as you move away!
The yak gores you but does no damage.
Okay, then.
The yak attacks as you move away! The yak gores you!
* * * LOW HITPOINT WARNING * * *
The yak closely misses you. The yak barely misses you.
The yak closely misses you. The yak misses you.
The yak attacks as you move away! The yak gores you.
* * * LOW HITPOINT WARNING * * *
The yak attacks as you move away! The yak closely misses you.
The yak gores you but does no damage. The yak barely misses you.
The yak attacks as you move away! The yak gores you but does no damage.
The yak closely misses you.
You open the door. The yak misses you. The yak gores you!
* * * LOW HITPOINT WARNING * * *
The yak gores you!
You die...

.....
....#######
.........
∆....... .....
...
##'#############
+.@YY........).#
#.YY...........#
#..............#
#..............#
∆
#..............#
#.........†.<..#
#+#########'####
[...........(..
...............


You could see 4 yaks.

Vanquished Creatures
  A two-headed ogre (D:8)
  2 hornets
  Eustachio (D:4)
  7 yaks
  A steam dragon (D:7)
  An acid dragon (D:8)
  A water moccasin (D:8)
  Duvessa (D:4)
  Pargi (D:3)
  An ice beast (D:8)
  2 sky beasts
  An ogre (D:7)
  2 centaurs (D:7)
  2 phantoms
  3 bullfrogs
  2 scorpions
  9 wights
  Dowan (D:4)
  3 killer bees (D:7)
  A nameless horror (D:7)
  3 howler monkeys (D:8)
  A jelly (D:6)
  2 quasits (D:4)
  3 hounds
  Crazy Yiuf (D:3)
  4 orc priests
  A sleepcap (D:7)
  Ijyb (D:3)
  Terence (D:3)
  6 iguanas
  Natasha (thrice) (D:3)
  9 orc wizards
  8 adders
  4 gnolls (D:5)
  3 shadow imps (D:4)
  4 white imps
  5 ufetubi
  A worm (D:3)
  3 dart slugs
  26 orcs
  3 ball pythons
  6 endoplasms
  4 giant cockroaches
  11 hobgoblins
  3 jackals (D:1)
  12 kobolds
  3 quokkas
  2 bats
  3 frilled lizards
  4 goblins
  4 rats
187 creatures vanquished.

Vanquished Creatures (collateral kills)
  An orc priest (D:3)
  An orc (D:3)
2 creatures vanquished.

Vanquished Creatures (others)
  9 demonic plants (D:4)
  7 plants (D:4)
16 creatures vanquished.

Grand Total: 205 creatures vanquished

Notes
Turn   | Place    | Note
-------+----------+-------------------------------------------
     0 | D:1      | Rocko1345 the Gnoll Monk began the quest for the Orb.
     0 | D:1      | Reached XP level 1. HP: 23/23 MP: 1/1
    94 | D:1      | Reached XP level 2. HP: 29/29 MP: 2/2
  1003 | D:2      | Reached XP level 3. HP: 35/35 MP: 3/3
  1265 | D:2      | Reached skill level 1 in Invocations
  1285 | D:2      | Learned a level 2 spell: Passwall
  1307 | D:2      | Reached skill level 1 in Short Blades
  1307 | D:2      | Reached skill level 1 in Long Blades
  1307 | D:2      | Reached skill level 1 in Maces & Flails
  1307 | D:2      | Reached skill level 1 in Polearms
  1307 | D:2      | Reached skill level 1 in Staves
  1307 | D:2      | Reached skill level 1 in Ranged Weapons
  1307 | D:2      | Reached skill level 1 in Throwing
  1307 | D:2      | Reached skill level 1 in Armour
  1307 | D:2      | Reached skill level 1 in Shields
  1307 | D:2      | Reached skill level 1 in Unarmed Combat
  1307 | D:2      | Reached skill level 1 in Spellcasting
  1307 | D:2      | Reached skill level 1 in Evocations
  1396 | D:2      | Found Zuemix's Antique Armour Boutique.
  1560 | D:2      | Reached XP level 4. HP: 41/41 MP: 5/5
  1704 | D:3      | Noticed Terence
  1730 | D:3      | Noticed Pargi
  1731 | D:3      | Noticed Natasha
  1740 | D:3      | Killed Pargi
  1741 | D:3      | Reached skill level 1 in Conjurations
  1741 | D:3      | Reached skill level 1 in Hexes
  1741 | D:3      | Reached skill level 1 in Summonings
  1741 | D:3      | Reached skill level 1 in Necromancy
  1741 | D:3      | Reached skill level 1 in Translocations
  1741 | D:3      | Reached skill level 1 in Transmutations
  1741 | D:3      | Reached skill level 1 in Fire Magic
  1741 | D:3      | Reached skill level 1 in Ice Magic
  1741 | D:3      | Reached skill level 1 in Air Magic
  1741 | D:3      | Reached skill level 1 in Earth Magic
  1741 | D:3      | Reached skill level 1 in Poison Magic
  1741 | D:3      | Reached XP level 5. HP: 47/47 MP: 5/7
  1744 | D:3      | Killed Natasha
  1810 | D:3      | Noticed Natasha
  1851 | D:3      | Learned a level 3 spell: Call Canine Familiar
  1863 | D:3      | Reached XP level 6. HP: 13/53 MP: 5/8
  1866 | D:3      | HP: 2/53 [something (3)]
  2151 | D:3      | Found a runed translucent door.
  2152 | D:3      | Noticed Crazy Yiuf
  2219 | D:3      | Noticed Ijyb
  2241 | D:3      | Killed Ijyb
  2255 | D:3      | Killed Natasha
  2341 | D:3      | Killed Terence
  2448 | D:3      | Noticed Natasha
  2457 | D:3      | Killed Natasha
  2518 | D:3      | Killed Crazy Yiuf
  2696 | D:3      | Reached XP level 7. HP: 34/59 MP: 10/10
  3057 | D:4      | Reached skill level 5 in Stealth
  3188 | D:4      | Learned a level 1 spell: Sandblast
  3375 | D:4      | Noticed Duvessa
  3375 | D:4      | Noticed Dowan
  3385 | D:4      | Killed Duvessa
  3386 | D:4      | Reached XP level 8. HP: 59/67 MP: 12/12
  3397 | D:4      | Noticed Eustachio
  3407 | D:4      | Killed Dowan
  3428 | D:4      | Killed Eustachio
  3433 | D:4      | Found a shadowy altar of Dithmenos.
  3433 | D:4      | Found a hide-covered altar of Uskayaw.
  4113 | D:5      | Entered Level 5 of the Dungeon
  4774 | D:5      | Learned a level 3 spell: Summon Guardian Golem
  4781 | D:5      | Found a staircase to the Ecumenical Temple.
  4808 | Temple   | Entered the Ecumenical Temple
  4820 | Temple   | Became a worshipper of Ashenzari the Shackled
  4927 | D:5      | Reached * piety under Ashenzari
  5231 | D:6      | Learned a level 3 spell: Hailstorm
  5702 | D:6      | Found an ancient bone altar of Kikubaaqudgha.
  6273 | D:7      | Noticed a hornet
  6280 | D:7      | Killed a hornet
  6281 | D:7      | Reached XP level 9. HP: 75/75 MP: 16/16
  7068 | D:7      | Reached skill level 5 in Invocations
  7857 | D:8      | Learned a level 3 spell: Stone Arrow
  7918 | D:8      | Reached skill level 5 in Short Blades
  7918 | D:8      | Reached skill level 5 in Long Blades
  7918 | D:8      | Reached skill level 5 in Maces & Flails
  7918 | D:8      | Reached skill level 5 in Polearms
  7918 | D:8      | Reached skill level 5 in Staves
  7918 | D:8      | Reached skill level 5 in Ranged Weapons
  7918 | D:8      | Reached skill level 5 in Throwing
  7918 | D:8      | Reached skill level 5 in Armour
  7918 | D:8      | Reached skill level 5 in Shields
  7918 | D:8      | Reached skill level 5 in Unarmed Combat
  7918 | D:8      | Reached skill level 5 in Spellcasting
  7918 | D:8      | Reached skill level 5 in Evocations
  7918 | D:8      | Reached XP level 10. HP: 82/83 MP: 3/18
  8317 | D:8      | Noticed a two-headed ogre
  8326 | D:8      | Killed a two-headed ogre
  9129 | D:9      | Slain by a yak

Illustrated notes

Levels and vault maps discovered:
D:1:      shiori_arrival_oz, layout_basic
D:2:      minmay_door_path, layout_rooms, serial_shops, nicolae_diamond_shop
D:3:      layout_rooms, st_stairs_14, serial_park_tiny_pond, uniq_natasha,
          uniq_ijyb, uniq_pargi, uniq_crazy_yiuf_cottage, uniq_terence
D:4:      layout_loops_ring, chequers_temple_overflow_statue_of_worship,
          serial_demonic, serial_demonic_e, serial_demonic_d, serial_demonic_e,
          serial_demonic_c, serial_demonic_e, serial_demonic_g,
          serial_demonic_f, serial_demonic_c, serial_bayou_pond_c, uniq_duvessa,
          uniq_eustachio
D:5:      layout_gridville, minmay_temple_entry_sparse_star
D:6:      layout_basic, mainiacjoe_overflow_24_doors
D:7:      layout_loops_cross, hex_medium, kennysheep_crisscross,
          corner_web_ring, kennysheep_generic_room_12
D:8:      layout_cave_pools
D:9:      layout_irregular_city
Temple:   hellmonk_temple_of_storms

Skill      XL: |  1  2  3  4  5  6  7  8  9 10 |
---------------+-------------------------------+-----
Invocations    | 1 2 3 4 5 6 |  6.3
Short Blades   | 1 2 3 4 5 |  5.7
Long Blades    | 1 2 3 4 5 |  5.7
Maces & Flails | 1 2 3 4 5 |  5.7
Polearms       | 1 2 3 4 5 |  5.7
Staves         | 1 2 3 4 5 |  5.7
Ranged Weapons | 1 2 3 4 5 |  5.7
Throwing       | 1 2 3 4 5 |  5.7
Armour         | 1 2 3 4 5 |  5.7
Shields        | 1 2 3 4 5 |  5.7
Unarmed Combat | 1 2 3 4 5 |  5.7
Spellcasting   | 1 2 3 4 5 |  5.7
Evocations     | 1 2 3 4 5 |  5.7
Conjurations   | 1 2 3 4 |  4.7
Hexes          | 1 2 3 4 |  4.7
Summonings     | 1 2 3 4 |  4.7
Necromancy     | 1 2 3 4 |  4.7
Translocations | 1 2 3 4 |  4.7
Transmutations | 1 2 3 4 |  4.7
Fire Magic     | 1 2 3 4 |  4.7
Ice Magic      | 1 2 3 4 |  4.7
Air Magic      | 1 2 3 4 |  4.7
Earth Magic    | 1 2 3 4 |  4.7
Poison Magic   | 1 2 3 4 |  4.7
Fighting       | 7 8 |  8.8
Axes           | 7 8 |  8.8
Dodging        | 7 8 |  8.8
Stealth        | 5 6 7 |  7.2

Action                     |  1- 3 |  4- 6 |  7- 9 | 10-12 || total
---------------------------+-------+-------+-------+-------++-------
  Melee: Hand axe          |    80 |       |       |       ||    80
         Bite              |     9 |    13 |    34 |    13 ||    69
         Dagger            |    17 |    59 |       |       ||    76
         Flail             |    16 |    24 |   303 |       ||   343
         Unarmed           |       |    16 |       |       ||    16
         Dire flail        |       |       |    58 |    68 ||   126
   Cast: Call Canine Famil |       |     1 |     1 |       ||     2
         Sandblast         |       |       |     3 |       ||     3
         Hailstorm         |       |       |     1 |       ||     1
         Stone Arrow       |       |       |    11 |     3 ||    14
 Invoke: Curse Item        |       |       |     2 |       ||     2
  Evoke: Wand              |       |     2 |     3 |       ||     5
    Use: Scroll            |     3 |     2 |     6 |     3 ||    14
         Potion            |       |     1 |     3 |     4 ||     8
   Stab: Sleeping          |     2 |     1 |    10 |       ||    13
         Distracted        |       |       |       |     2 ||     2
 Armour: Robe              |    10 |       |       |       ||    10
         Leather armour    |    10 |    48 |   182 |     4 ||   244
         Skin              |       |     2 |       |       ||     2
         Acid dragon scale |       |       |       |    28 ||    28
  Dodge: Dodged            |    91 |    97 |   420 |    65 ||   673

Table legend: (Time is in decaauts)
 A = Elapsed time spent in this place.
 B = Non-inter-level travel time spent in this place.
 C = Inter-level travel time spent in this place.
 D = Time resting spent in this place.
 E = Time spent auto-exploring this place.
 F = Levels seen in this place.
 G = Mean time per level.
                   A        B        C        D        E       F      G
               +--------+--------+--------+--------+--------+-----+--------+
         Total |   9525 |   9196 |    329 |   2680 |   3867 |  10 |  952.5 |
       Dungeon |   9467 |   9138 |    329 |   2680 |   3853 |   9 | 1051.9 |
        Temple |     58 |     58 |      0 |      0 |     14 |   1 |   58.0 |
               +--------+--------+--------+--------+--------+-----+--------+

Top non-repeatable levels by time:
     D:7: 1761 daAuts
     D:3: 1345 daAuts
     D:4: 1342 daAuts
     D:6: 1196 daAuts
     D:8: 1124 daAuts
     D:5: 1008 daAuts
     D:1: 903 daAuts
     D:2: 739 daAuts
  Temple: 58 daAuts
     D:9: 44 daAuts
